 Dungeon Crawl Stone Soup version 0.28.0-53-g5a82cb258f (webtiles) character file.

Game seed: 15278182032766095364

3458 Zeld the Fighter (level 9, -1/86 HPs)
             Began as a Minotaur Berserker on May 22, 2022.
             Was an Elder of Trog.
             Slain by a skeletal warrior
             ... wielding a +2 glaive of flaming
             ... led by a skeletal warrior
              (9 damage)
             ... on level 6 of the Dungeon.
             The game lasted 00:05:01 (8174 turns).

Zeld the Fighter (Minotaur Berserker)               Turns: 8174, Time: 00:05:02

Health: -1/86      AC: 17    Str: 26    XL:     9   Next: 78%
Magic:  8/8        EV:  9    Int:  4    God:    Trog [****..]
Gold:   131        SH:  0    Dex: 10    Spells: 8/8 levels left

rFire   . . .      SeeInvis .   a - +0 war axe
rCold   . . .      Faith    .   (no shield)
rNeg    . . .      Spirit   .   f - +0 plate armour
rPois   .          Reflect  .   (helmet restricted)
rElec   .          Harm     .   r - +0 cloak
rCorr   .          Rampage  .   i - +0 pair of gloves
Will    ++...                   k - +0 pair of boots
Stlth   ..........              h - amulet of regeneration
HPRegen 2.04/turn               (no ring)
MPRegen 0.11/turn               (no ring)

@: strong-willed, on berserk cooldown, regenerating, slowed, very slow
A: horns 2, retaliatory headbutt
a: Renounce Religion, Berserk, Trog's Hand, Brothers in Arms


You were on level 6 of the Dungeon.
You worshipped Trog.
Trog was greatly pleased with you.
You visited 2 branches of the dungeon, and saw 8 of its levels.

You collected 323 gold pieces.
You spent 192 gold pieces at shops.

Inventory:

Hand Weapons
 a - a +0 war axe (weapon)
Armour
 f - a +0 plate armour (worn)
 i - a +0 pair of gloves (worn)
 k - a +0 pair of boots (worn)
 r - a +0 cloak (worn)
Jewellery
 h - an amulet of regeneration (around neck)
Wands
 v - a wand of flame (18)
 y - a wand of digging (3)
Scrolls
 c - 4 scrolls of magic mapping
 m - a scroll of holy word
 o - 2 scrolls of enchant weapon
 q - 5 scrolls of fear
 s - a scroll of enchant armour
 u - a scroll of brand weapon {unknown}
 x - a scroll of vulnerability {unknown}
 A - 2 scrolls of teleportation
Potions
 b - 2 potions of curing {unknown}
 d - 2 potions of degeneration {unknown}
 e - a potion of resistance {unknown}
 g - a potion of berserk rage {unknown}
 j - a potion of cancellation {unknown}
 l - 3 potions of magic {unknown}
 n - 2 potions of might {unknown}
 p - 2 potions of heal wounds {unknown}
 t - 2 potions of mutation {unknown}
 w - 2 potions of lignification {unknown}
 z - a potion of haste {unknown}


   Skills:
 * Level 10.4 Fighting
 * Level 10.4 Axes
 + Level 7.2 Armour
 + Level 6.5 Dodging


You had 8 spell levels left.
You didn't know any spells.
Your spell library was empty.

Dungeon Overview and Level Annotations

Branches:
Dungeon (7/15)             Temple (1/1) D:5

Altars:
Ashenzari
Cheibriados
Elyvilon
Fedhas
Gozag
Hepliaklqana
Kikubaaqudgha
Makhleb
Nemelex Xobeh
Okawaru
Qazlal
Ru
Sif Muna
Trog
Uskayaw
Vehumet
Xom
Yredelemnul
Zin

Shops:
D:6 ?


Innate Abilities, Weirdness & Mutations

You have a pair of horns on your head.
You reflexively headbutt those who attack you in melee.


Message History

You slash the skeletal warrior! You headbutt the skeletal warrior!
The skeletal warrior is severely damaged.
You barely miss the skeletal warrior.
Your headbutt misses the skeletal warrior.
The skeletal warrior is severely damaged.
The skeletal warrior hits you with a +2 glaive of flaming!
The skeletal warrior burns you!
You hit the skeletal warrior but do no damage.
The skeletal warrior is severely damaged.
The skeletal warrior hits you with a +2 glaive of flaming.
The skeletal warrior burns you.
You are too injured to fight recklessly!
You are too injured to fight recklessly!
You closely miss the skeletal warrior.
Your headbutt misses the skeletal warrior.
The skeletal warrior is severely damaged.
You hit the skeletal warrior.
The skeletal warrior is severely damaged.
You are no longer berserk.
You are exhausted.
You feel yourself slow down.
The skeletal warrior hits you with a +2 glaive of flaming!
* * * LOW HITPOINT WARNING * * *
The skeletal warrior burns you.
* * * LOW HITPOINT WARNING * * *
There is an escape hatch in the ceiling here.
The skeletal warrior hits you but does no damage. x2
A mysterious force pulls you upwards. The hatch slams shut behind you.
Okay, then.
Your skin crawls.
You feel strong-willed.
The skeletal warrior hits you but does no damage.
Unknown command.
You fail to use your ability.
The skeletal warrior hits you with a +2 glaive of flaming!
* * * LOW HITPOINT WARNING * * *
The skeletal warrior burns you.
* * * LOW HITPOINT WARNING * * *
The skeletal warrior hits you with a +2 glaive of flaming!
You die...

#.## ##...###.#....##.## #.#
.#.## ##.....##.#.#..>...# #.#
###>## ##..........[)...#..# #.#
.#...####.......#.....##.#..###.#
#.......'.......#....#...........
#....####........#..#.....#.#####
....## ##........###....##.#
#.### ##...<....###......# #.#
##>...@..#..#...### #.#
##'#.z.#....#..# #.#
#.<.##.....#..# #.#
#.............# #.#
#######..##.####.##.# # #.#
#........##.####.##.# ## #.#
#.###.....#.........# ##.
#.#####.####...###.###.#### ##..
#..................###.# #...


You could see a skeletal warrior.

Vanquished Creatures
  2 skeletal warriors (D:6)
  A steam dragon (D:6)
  2 black bears (D:6)
  4 necrophages
  An ogre (D:6)
  3 phantoms
  2 bullfrogs
  2 scorpions (D:5)
  A water moccasin zombie (D:3)
  3 killer bees (D:7)
  A howler monkey (D:4)
  A bullfrog zombie (D:5)
  A centaur zombie (D:5)
  5 hounds
  2 jellies
  3 centaur skeletons
  2 orc priests (D:6)
  A gnoll shaman (D:5)
  Jessica (D:2)
  4 iguanas
  2 orc wizards
  A howler monkey zombie (D:6)
  Robin (D:3)
  12 adders
  9 gnolls
  A white imp (D:5)
  2 adder skeletons (D:4)
  3 worms
  4 dart slugs
  8 orcs
  5 bats
  7 endoplasms
  A giant cockroach (D:2)
  15 goblins
  11 hobgoblins
  9 jackals
  11 kobolds
  6 quokkas
  10 ball pythons
  4 frilled lizards
  10 rats
174 creatures vanquished.

Vanquished Creatures (others)
  An orc (D:5)
  4 fungi (D:2)
  A plant (D:2)
6 creatures vanquished.

Grand Total: 180 creatures vanquished

Notes
Turn   | Place    | Note
-------+----------+-------------------------------------------
     0 | D:1      | Zeld the Minotaur Berserker began the quest for the Orb.
     0 | D:1      | Reached XP level 1. HP: 19/19 MP: 0/0
    68 | D:1      | Reached XP level 2. HP: 17/27 MP: 1/1
   681 | D:1      | Reached XP level 3. HP: 32/33 MP: 2/2
   904 | D:1      | Reached ** piety under Trog
  1734 | D:2      | Noticed Jessica
  1741 | D:2      | Killed Jessica
  1742 | D:2      | Reached XP level 4. HP: 36/41 MP: 3/3
  1928 | D:2      | Found a faded altar of an unknown god.
  2689 | D:2      | Reached skill level 5 in Fighting
  2689 | D:2      | Reached skill level 5 in Axes
  2689 | D:2      | Reached XP level 5. HP: 45/48 MP: 4/4
  2990 | D:3      | Reached *** piety under Trog
  3229 | D:3      | Noticed Robin
  3241 | D:3      | Reached XP level 6. HP: 50/56 MP: 5/5
  3244 | D:3      | Killed Robin
  3953 | D:4      | Reached **** piety under Trog
  4074 | D:4      | Reached XP level 7. HP: 48/63 MP: 6/6
  4791 | D:5      | Entered Level 5 of the Dungeon
  5108 | D:5      | Reached skill level 5 in Armour
  5112 | D:5      | Reached XP level 8. HP: 73/73 MP: 7/7
  5429 | D:5      | Found a staircase to the Ecumenical Temple.
  5448 | Temple   | Entered the Ecumenical Temple
  5989 | D:6      | Reached skill level 5 in Dodging
  6527 | D:6      | Found Viggu's Magic Scroll Emporium.
  6536 | D:6      | Bought a scroll of identify for 24 gold pieces
  6536 | D:6      | Bought a scroll of identify for 24 gold pieces
  6536 | D:6      | Bought a scroll of teleportation for 36 gold pieces
  6536 | D:6      | Bought a scroll of identify for 24 gold pieces
  6536 | D:6      | Bought a scroll of teleportation for 36 gold pieces
  6536 | D:6      | Bought a scroll of identify for 24 gold pieces
  6536 | D:6      | Bought a scroll of identify for 24 gold pieces
  6728 | D:6      | Reached XP level 9. HP: 58/83 MP: 8/8
  7333 | D:7      | Found a hide-covered altar of Uskayaw.
  7514 | D:7      | Noticed a skeletal warrior
  7514 | D:7      | Noticed a skeletal warrior
  7773 | D:7      | Noticed a skeletal warrior
  7792 | D:6      | Killed a skeletal warrior
  8013 | D:6      | Killed a skeletal warrior
  8014 | D:6      | Reached skill level 10 in Fighting
  8014 | D:6      | Reached skill level 10 in Axes
  8174 | D:6      | Slain by a skeletal warrior

Illustrated notes

Levels and vault maps discovered:
D:1:      evilmike_arrival_rings, layout_basic
D:2:      layout_loops_ring, shapermc_ecumenical_altar_mp_urbaneastern,
          uniq_jessica
D:3:      minmay_diamond_boxcup, layout_basic, chequers_serial_rivers_micro_c,
          minivault_25, uniq_robin
D:4:      layout_loops_cross, kennysheep_pointless_box, minmay_tree_intersection
D:5:      layout_basic, minmay_temple_entry_junction, minmay_fractal_squares_5
D:6:      layout_loops_corners, serial_shops, nicolae_lakefront_shop,
          chequers_serial_rivers_micro_a, minmay_misc_feat_chi
D:7:      layout_loops_ring, nzn_wu_jian_council_hall,
          nicolae_uskayaw_murder_on_the_dancefloor, eino_jars
Temple:   regret_index_temple_mists

Skill      XL: |  1  2  3  4  5  6  7  8  9 |
---------------+----------------------------+-----
Fighting       | 4 5 6 7 9 10 | 10.4
Axes           | 4 5 6 7 8 10 | 10.4
Armour         | 3 4 5 6 7 |  7.2
Dodging        | 3 4 5 6 |  6.5

Action                   |  1- 3 |  4- 6 |  7- 9 || total
-------------------------+-------+-------+-------++-------
Melee: Hand axe          |    65 |   184 |   100 ||   349
       Headbutt          |    10 |    29 |    45 ||    84
       Punch             |       |     1 |     3 ||     4
       War axe           |       |       |   141 ||   141
Invok: Berserk           |     1 |       |     5 ||     6
       Trog's Hand       |       |       |     1 ||     1
  Use: Scroll            |       |       |     9 ||     9
Armor: Animal skin       |     9 |     7 |       ||    16
       Plate armour      |       |    91 |   167 ||   258
Dodge: Dodged            |    43 |    61 |   110 ||   214
